 Dungeon Crawl Stone Soup version 0.29-a0-1043-g569b05d6ff (webtiles) character file.

Game seed: 5067565700762839152

59 greenreed the Vexing (level 3, 0/20 HPs)
             Began as a Deep Elf Arcane Marksman on Aug 15, 2022.
             Succumbed to an adder's poison
             ... on level 3 of the Dungeon.
             The game lasted 00:04:22 (2127 turns).

greenreed the Vexing (Deep Elf Arcane Marksman)     Turns: 2127, Time: 00:04:22

Health: 0/20       AC:  3    Str:  7    XL:     3   Next: 78%
Magic:  6/7        EV: 10    Int: 17    God:
Gold:   167        SH:  0    Dex: 17    Spells: 4/5 levels left

rFire   . . .      SeeInvis .   a - +1 sling
rCold   . . .      Faith    .   (no shield)
rNeg    . . .      Spirit   .   c - +0 robe
rPois   .          Reflect  .   (no helmet)
rElec   .          Harm     .   d - scarf {repulsion}
rCorr   .          Rampage  .   l - +0 pair of gloves
Will    .....                   (no boots)
Stlth   ++........              (no amulet)
HPRegen 0.06/turn               (no ring)
MPRegen 0.10/turn               (no ring)

@: lethally poisoned (0 -> -7), constricted, repel missiles
A: no striking features
a: no special abilities


You were on level 3 of the Dungeon.
You visited 1 branch of the dungeon, and saw 3 of its levels.

You collected 167 gold pieces.

Inventory:

Hand Weapons
 a - a +1 sling (weapon)
 m - a +0 short sword
Missiles
 f - 8 poisoned darts
Armour
 c - a +0 robe (worn)
 d - a scarf of repulsion (worn)
 l - a +0 pair of gloves (worn)
 n - an orb of mayhem
Magical Staves
 p - a staff of fire
Jewellery
 k - a ring of ice
Wands
 s - a wand of quicksilver (9)
Scrolls
 b - 2 scrolls of poison
 e - 3 scrolls of identify {unknown}
 i - 3 scrolls of teleportation {unknown}
 j - a scroll of enchant weapon {unknown}
 o - a scroll of vulnerability {unknown}
 q - a scroll of magic mapping {unknown}
Potions
 g - a potion of curing
 h - a potion of cancellation {unknown}
 r - a potion of haste {unknown}
 t - a potion of might {unknown}


   Skills:
 + Level 1.5 Fighting
 + Level 4.3 Ranged Weapons
 + Level 2.9 Dodging
 + Level 0.3 Stealth
 + Level 1.6 Spellcasting
 + Level 4.3 Hexes


You had 4 spell levels left.
You knew the following spells:

 Your Spells              Type           Power      Damage    Failure   Level
a - Slow                  Hex            64%        N/A       3%          1

Your spell library contained the following spells:

 Spells                   Type           Power      Damage    Failure   Level
 Inner Flame              Hex/Fire       8%         N/A       26%         3
 Portal Projectile        Hex/Tloc       16%        N/A       26%         3
 Cause Fear               Hex            8%         N/A       34%         4
 Discord                  Hex            8%         N/A       100%        8


Dungeon Overview and Level Annotations

Branches:
Dungeon (3/15)

Altars:


Message History

The adder is severely wounded.
You feel sick. The goblin barely misses you. The adder closely misses you.
You shoot a sling bullet. The sling bullet hits the adder.
The adder is almost dead.
You feel sick. The goblin hits you with a +0 dagger. The adder bites you.
You are more poisoned.
The adder poisons you!
You shoot a sling bullet.
The sling bullet closely misses the adder.
You feel sick. The ball python closely misses you. The ball python misses you.
The goblin misses you.
The ball python bites you but does no damage.
The ball python grabs you. The ball python constricts you.
The adder closely misses you.
Really read the scroll of poison?
The air fills with toxic fumes!
As you read the scroll of poison, it crumbles to dust.
You feel sick. The goblin hits you with a +0 dagger.
The ball python bites you but does no damage.
The ball python constricts you.
* * * LOW HITPOINT WARNING * * *
The adder barely misses you.
You are too injured to fight recklessly!
Fire: a) +1 sling
Press: ? - help, Shift-Dir - straight line, f/p - adder
Aim: an adder (almost dead, slow, 42% to hit)
You shoot a sling bullet. The sling bullet misses the adder.
You feel sick. The ball python bites you.
* * * LOW HITPOINT WARNING * * *
The ball python constricts you. The goblin hits you but does no damage.
The adder bites you.
* * * LOW HITPOINT WARNING * * *
You are more poisoned.
The adder poisons you!
Unknown command.
Fire: a) +1 sling
Press: ? - help, Shift-Dir - straight line, f/p - adder
Aim: an adder (almost dead, slow, 42% to hit)
You shoot a sling bullet. The sling bullet misses the adder.
You die...

#§### #§§§... .#
##§§§..##§#### .§§§##.§§§...
# #### ##§§##§§#§.##.# ...#
§§§§§§§§§...$ ##.#
#gS§§§§§§.#
##.#############@###.....##.#
<......##.....##§S§§§§§§....#
##.###........#####§§§#######
...# #........# #.§§#
######........# #..§#
#...)....<# #..[#
#####.#.....### #...#
...#.###.#..#######...#####.#
..(.## ##....................


You could see an adder (slow), a goblin and a ball python.

Vanquished Creatures
  An adder (D:2)
  A dart slug (D:1)
  7 endoplasms
  6 goblins
  5 hobgoblins
  7 kobolds
  2 quokkas (D:2)
  5 ball pythons (D:1)
  2 bats
  8 rats
44 creatures vanquished.

Notes
Turn   | Place    | Note
-------+----------+-------------------------------------------
     0 | D:1      | greenreed the Deep Elf Arcane Marksman began the quest for
                  | the Orb.
     0 | D:1      | Reached XP level 1. HP: 11/11 MP: 5/5
   155 | D:1      | Reached skill level 1 in Fighting
   160 | D:1      | Reached XP level 2. HP: 16/16 MP: 4/6
   797 | D:1      | Found a faded altar of an unknown god.
   839 | D:1      | Reached XP level 3. HP: 20/20 MP: 7/7
  2127 | D:3      | Succumbed to an adder's poison

Illustrated notes

Levels and vault maps discovered:
D:1:      lemuel_arrival_behind_the_door_small, layout_loops_ring,
          hellmonk_ecumenical_altar_slurped_away
D:2:      minmay_alternating_diamond, layout_basic, serial_forest,
          infiniplex_forest_clump_cross, infiniplex_forest_straight_4,
          infiniplex_forest_zigzag_2, infiniplex_forest_straight_3,
          infiniplex_forest_straight_2
D:3:      layout_loops_cross, grunt_dithmenos_smoke_and_mirrors

Skill      XL: |  1  2  3 |
---------------+----------+-----
Fighting       | 1 |  1.5
Ranged Weapons | 3 4 |  4.3
Dodging        | |  2.9
Stealth        | |  0.3
Spellcasting   | |  1.6
Hexes          | |  4.3

Action                   || total
-------------------------++-------
 Fire: Sling             ||   130
 Cast: Slow              ||    11
  Use: Scroll            ||     1
Armor: Robe              ||     7
Dodge: Dodged            ||    43

Table legend: (Time is in decaauts)
 A = Elapsed time spent in this place.
 B = Non-inter-level travel time spent in this place.
 C = Inter-level travel time spent in this place.
 D = Time resting spent in this place.
 E = Time spent auto-exploring this place.
 F = Levels seen in this place.
 G = Mean time per level.
                   A        B        C        D        E       F      G
               +--------+--------+--------+--------+--------+-----+--------+
         Total |   2156 |   2025 |    131 |    211 |   1517 |   3 |  718.7 |
       Dungeon |   2156 |   2025 |    131 |    211 |   1517 |   3 |  718.7 |
               +--------+--------+--------+--------+--------+-----+--------+

Top non-repeatable levels by time:
     D:1: 1192 daAuts
     D:2: 831 daAuts
     D:3: 132 daAuts
